 Dungeon Crawl Stone Soup version 0.31-a0-486-g8d68a81214 (webtiles) character file.

Game seed: 1831821052954824197

1768 Xavori the Covert (level 9, -3/59 HPs)
             Began as an Octopode Chaos Knight on Aug 7, 2023.
             Was a Plaything of Xom.
             Slain by a yak (15 damage)
             ... on level 9 of the Dungeon.
             The game lasted 00:06:14 (11933 turns).

Xavori the Covert (Octopode Chaos Knight)          Turns: 11933, Time: 00:06:15

Health: -3/59      AC:  4    Str: 17    XL:     9   Next: 7%
Magic:  9/9        EV: 14    Int: 13    God:    Xom [.*....]
Gold:   384        SH:  4    Dex: 13    Spells: 8/8 levels left

rFire   + . .        g - +2 dagger (chaos)
rCold   + . .        (no shield)
rNeg    . . .        (helmet currently unavailable)
rPois   .            i - amulet of regeneration
rElec   +            m - ring of protection from cold
rCorr   .            (no ring)
SInv    .            (no ring)
Will    .....        (no ring)
Stlth   +++++        (no ring)
HPRegen 1.09/turn    (no ring)
MPRegen 0.11/turn    (no ring)
                     (no ring)

%: random rage (3%)
@: beast-form, unable to read
A: beast (slay +3), almost no armour, amphibious, 8 rings, camouflage 1,
gelatinous body 1, (nimble swimmer 1), tentacles, tentacle spike 1, iridescent
scales 1, large bone plates 1, berserk 1, fire resistance 1, shaggy fur 1,
electricity resistance, strong 1, wild magic 1, inability to read after injury 1
a: Begin Untransformation, Renounce Religion


You were on level 9 of the Dungeon.
You worshipped Xom.
You were a plaything of Xom.
You were a hulking beast.
You visited 1 branch of the dungeon, and saw 9 of its levels.

You collected 384 gold pieces.

Inventory:

Hand Weapons
 a - a +0 short sword of chaos
 d - a +2 dagger of holy wrath
 g - a +2 dagger of chaos (weapon)
Jewellery
 i - an amulet of regeneration (around mantle)
 m - a ring of protection from cold (left tentacle)
Talismans
 q - a beast talisman (active)
Wands
 f - a wand of mindburst (18)
 t - a wand of flame (29)
Scrolls
 b - a scroll of butterflies
 e - 2 scrolls of vulnerability
 h - 2 scrolls of summoning
 j - 4 scrolls of amnesia
 n - 2 scrolls of noise {unknown}
 p - 2 scrolls of enchant weapon
 s - a scroll of revelation
 u - 2 scrolls of poison
Potions
 c - 10 potions of curing
 k - a potion of haste
 l - 2 potions of cancellation {unknown}
 o - a potion of enlightenment {unknown}
 r - a potion of might {unknown}
 v - a potion of brilliance {unknown}
 w - a potion of invisibility {unknown}
 x - a potion of heal wounds {unknown}


   Skills:
 + Level 4.6 Fighting
 + Level 6.0 Short Blades
 + Level 4.7 Dodging
 + Level 8.3 Stealth
 + Level 2.2 Shields
 * Level 4.2 Shapeshifting


You had 8 spell levels left.
You didn't know any spells.
Your spell library contained the following spells:

 Spells                   Type           Power      Damage    Failure   Level
 Apportation              Tloc           0%         N/A       38%         1
 Slow                     Hex            0%         N/A       38%         1
 Summon Small Mammal      Summ           0%         N/A       38%         1
 Sublimation of Blood     Necr           0%         N/A       52%         2
 Call Canine Familiar     Summ           0%         N/A       75%         3
 Confusing Touch          Hex            0%         N/A       75%         3
 Summon Guardian Golem    Hex/Summ       0%         N/A       75%         3
 Vampiric Draining        Necr           0%         2d6       75%         3
 Petrify                  Tmut/Erth      0%         N/A       98%         4
 Alistair's Intoxication  Tmut/Pois      0%         N/A       100%        5
 Irradiate                Conj/Tmut      0%         3d11      100%        5
 Orb of Destruction       Conj           0%         9d5       100%        7
 Spellforged Servitor     Conj/Summ      0%         N/A       100%        7


Dungeon Overview and Level Annotations

Branches:
Dungeon (10/15)            Temple (0/1) D:4
   Lair: D:8-11         Orc: D:9-12

Altars:
Ashenzari
Gozag
Nemelex Xobeh
Sif Muna
Xom


Innate Abilities, Weirdness & Mutations

You are a hulking beast.
Your limbs bulge with bestial killing power. (Slay +3)
You cannot wear most types of armour.
You are amphibious.
You can wear up to eight rings at the same time.
Your skin changes colour to match your surroundings (Stealth+).
Your rubbery body absorbs attacks. (AC +1, EV +1)
((You are camouflaged when in or above water. (Stealth+)))
You have tentacles for arms and can constrict up to eight enemies at once.
One of your tentacles bears a spike.
You are partially covered in iridescent scales. (AC +2)
You are partially covered in large bone plates. (SH +4)
You sometimes lose your temper in combat.
Your flesh is heat resistant. (rF+)
You are covered in fur. (AC +1)
You are resistant to electric shocks. (rElec)
Your muscles are strong. (Str +4, Int/Dex -1)
Your spells are a little harder to cast, but a little more powerful.
You occasionally lose the ability to read scrolls when taking damage.


Message History

Found an escape hatch in the floor.
Found a stone staircase leading up. 2 yaks come into view. 2 yaks come into view.
The yak bellows! x2
There is an escape hatch in the floor here.
The yak misses you.
There is a stone staircase leading up here.
You block the yak's attack. The yak barely misses you.
You climb upwards.
There is a stone staircase leading down here.
You hit the yak.
The yak is poisoned.
Your tentacle spike misses the yak.
The yak is lightly wounded.
You closely miss the yak.
You pierce the yak, but do no damage.
Your squeeze misses the yak.
The yak is lightly wounded.
The yak gores you! You block the yak's attack.
You hit the yak but do no damage.
The yak is lightly wounded.
The yak closely misses you. The yak gores you!
You hit the yak.
The yak looks as sick as possible!
You pierce the yak!
The yak is moderately wounded.
You hit the yak.
The yak suddenly seems more resistant.
You pierce the yak.
You squeeze the yak.
The yak is severely wounded.
The yak gores you! x2
You feel threatened and lose the ability to read scrolls!
* * * LOW HITPOINT WARNING * * *
You barely miss the yak.
The yak is severely wounded.
The yak gores you!
* * * LOW HITPOINT WARNING * * *
The yak barely misses you.
You closely miss the yak. Your squeeze misses the yak.
The yak is severely wounded.
You can read scrolls again.
You feel better. The yak barely misses you. The yak gores you!
You feel threatened and lose the ability to read scrolls!
You die...
Xom roars with laughter! #.######### #...YhY...# #..######.# #

You could see 2 yaks.

Vanquished Creatures
  A water moccasin (D:6)
  An ice beast (D:5)
  A centaur (D:5)
  3 ogres (D:5)
  2 phantoms (D:5)
  A kobold brigand (D:5)
  2 bullfrogs
  A scorpion (D:5)
  6 killer bees
  A howler monkey (D:6)
  A jelly (D:5)
  An orc priest (D:4)
  2 hounds
  Jessica (D:2)
  An iguana (D:7)
  An orc wizard (D:4)
  6 gnolls (D:6)
  10 adders
  2 river rats
  3 worms
  2 dart slugs
  17 orcs
  17 ball pythons
  6 bats
  11 endoplasms
  8 giant cockroaches
  3 hobgoblins
  7 jackals
  7 quokkas
  3 frilled lizards
  5 goblins
  10 kobolds
  6 rats
149 creatures vanquished.

Vanquished Creatures (collateral kills)
  An adder (D:4)
  A jackal (D:2)
2 creatures vanquished.

Grand Total: 151 creatures vanquished

Notes
Turn   | Place    | Note
-------+----------+-------------------------------------------
     0 | D:1      | Xavori the Octopode Chaos Knight began the quest for the
                  | Orb.
     0 | D:1      | Reached XP level 1. HP: 16/16 MP: 1/1
   108 | D:1      | Reached XP level 2. HP: 21/21 MP: 2/2
   320 | D:1      | Reached skill level 1 in Stealth
   447 | D:1      | Reached XP level 3. HP: 26/26 MP: 3/3
   513 | D:1      | XOM: silly message
   548 | D:1      | XOM: silly message
   575 | D:1      | Found a faded altar of an unknown god.
  1647 | D:1      | XOM: cloud trail
  2554 | D:1      | XOM: give mutation
  2554 | D:1      | Gained mutation: You sometimes lose your temper in combat.
                  | [Xom's mischief]
  2722 | D:1      | XOM: god gift: 2 atropa-tipped darts
  2873 | D:1      | XOM: summons 2 hostile demons
  3179 | D:1      | XOM is BORED!
  3179 | D:1      | XOM: noise
  3598 | D:1      | XOM is BORED!
  3598 | D:1      | XOM: give mutations
  3598 | D:1      | Gained mutation: You are resistant to electric shocks.
                  | (rElec) [Xom's mischief]
  3598 | D:1      | Gained mutation: You are partially covered in iridescent
                  | scales. (AC +2) [Xom's mischief]
  3598 | D:1      | Gained mutation: You are vulnerable to cold. (rC-) [Xom's
                  | mischief]
  3598 | D:1      | Gained mutation: You occasionally lose the ability to read
                  | scrolls when taking damage. [Xom's mischief]
  4985 | D:1      | XOM is BORED!
  5786 | D:1      | XOM: god gift: scale mail {god gift}
  5933 | D:1      | XOM: give mutations
  5933 | D:1      | Gained mutation: Your muscles are strong. (Str +4, Int/Dex
                  | -1) [Xom's grace]
  5933 | D:1      | Gained mutation: You are partially covered in large bone
                  | plates. (SH +4) [Xom's grace]
  5933 | D:1      | Gained mutation: You are mostly covered in large bone
                  | plates. (SH +6) [Xom's grace]
  6147 | D:1      | XOM: divination: detect items
  6318 | D:1      | XOM is BORED!
  7269 | D:1      | XOM: give mutations
  7269 | D:1      | Lost mutation: You are vulnerable to cold. (rC-) [Xom's
                  | mischief]
  7269 | D:1      | Lost mutation: You are mostly covered in large bone plates.
                  | (SH +6) [Xom's mischief]
  7726 | D:1      | XOM: divination: detect items
  7736 | D:1      | XOM: cloud trail
  7843 | D:1      | XOM: give mutations
  7843 | D:1      | Gained mutation: Your spells are a little harder to cast,
                  | but a little more powerful. [Xom's grace]
  7843 | D:1      | Gained mutation: You have hidden genetic potential. [Xom's
                  | grace]
  7843 | D:1      | Gained mutation: Your flesh is heat resistant. (rF+) [Xom's
                  | grace]
  8049 | D:2      | XOM is BORED!
  8049 | D:2      | XOM: polymorph jackal -> river rat
  8051 | D:2      | Reached skill level 2 in Stealth
  8059 | D:2      | Reached XP level 4. HP: 19/31 MP: 4/4
  8133 | D:2      | XOM: god gift: +2 dagger of chaos
  8187 | D:2      | XOM: god gift: club {god gift}
  8277 | D:2      | XOM: scenery: create altars
  8284 | D:2      | Noticed Jessica
  8290 | D:2      | Killed Jessica
  8308 | D:2      | Gained mutation: One of your tentacles bears a spike.
                  | [hidden potential]
  8347 | D:2      | XOM: scenery: create altars
  8355 | D:2      | XOM: god gift: small peridot amulet {god gift}
  8408 | D:3      | XOM: 10-stop teleportation journey
  8479 | D:3      | Reached skill level 3 in Stealth
  8584 | D:3      | XOM: 6-stop teleportation journey
  8591 | D:3      | Reached XP level 5. HP: 28/36 MP: 5/5
  8679 | D:3      | XOM: 5-stop teleportation journey
  8688 | D:3      | XOM: silly message
  8698 | D:3      | XOM: noise
  9066 | D:3      | Found a broken altar of Ashenzari.
  9479 | D:4      | XOM: enchant monster (bad)
  9480 | D:4      | XOM: polymorph hound -> river rat
  9483 | D:4      | Gained mutation: You are covered in fur. (AC +1) [hidden
                  | potential]
  9483 | D:4      | Lost mutation: You have hidden genetic potential. [hidden
                  | potential expressed]
  9562 | D:4      | Reached skill level 4 in Stealth
  9745 | D:4      | Found an opulent altar of Gozag.
  9753 | D:4      | XOM: 1-stop teleportation journey
  9764 | D:4      | Reached skill level 5 in Stealth
  9764 | D:4      | Reached XP level 6. HP: 42/42 MP: 6/6
  9828 | D:4      | Found a shimmering altar of Xom.
 10110 | D:4      | Found a shimmering blue altar of Sif Muna.
 10123 | D:4      | Found a staircase to the Ecumenical Temple.
 10259 | D:4      | XOM: noise
 10334 | D:5      | Entered Level 5 of the Dungeon
 10341 | D:5      | Reached skill level 6 in Stealth
 10395 | D:5      | Reached XP level 7. HP: 47/47 MP: 7/7
 10452 | D:5      | Reached skill level 1 in Shapeshifting
 10477 | D:5      | Reached skill level 5 in Short Blades
 10484 | D:5      | XOM: 3-stop teleportation journey
 10530 | D:5      | Reached skill level 1 in Shields
 10582 | D:5      | Reached skill level 7 in Stealth
 10719 | D:5      | XOM: divination: magic mapping
 10825 | D:5      | XOM: god gift: 22 gold pieces
 10846 | D:5      | Found a sparkling altar of Nemelex Xobeh.
 10881 | D:5      | Reached XP level 8. HP: 54/54 MP: 8/8
 11026 | D:6      | Reached skill level 8 in Stealth
 11090 | D:6      | XOM: 2-stop teleportation journey
 11186 | D:6      | XOM: confuse monster(s)
 11232 | D:6      | XOM: divination: magic mapping
 11317 | D:6      | XOM: scenery: create altars
 11622 | D:6      | Reached XP level 9. HP: 19/59 MP: 9/9
 11675 | D:6      | XOM: summons 5 hostile demons
 11914 | D:7      | You fall into a shaft and drop 3 floors!
 11914 | D:10     | Entered Level 10 of the Dungeon
 11931 | D:9      | HP: 2/59 [yak (12)]
 11933 | D:9      | Slain by a yak

Illustrated notes

Levels and vault maps discovered:
D:1:      lightli_arrival_flooded_house, layout_loops_cross,
          shapermc_ecumenical_altar_pompeii, serial_aquarium,
          aquarium_bridge_straight [aquarium_subvault_bridge,
          aquarium_subvault_wall, aquarium_subvault_bridge,
          aquarium_subvault_window], aquarium_window_1, aquarium_window_fake,
          aquarium_window_1, aquarium_view_2d
D:2:      layout_basic, uniq_jessica
D:3:      layout_basic, mainiacjoe_overflow_paths
D:4:      layout_loops_ring, mainiacjoe_overflow_tiny_flanked,
          mainiacjoe_overflow_concentric_impassable, overflow_temple_1_default,
          minmay_temple_entry_poolview, minmay_snake_closets
D:5:      layout_rooms, nemelex_dance_club_becter
D:6:      layout_rooms, minivault_26
D:7:      layout_gridville, fedhas_bush_and_centaur_altar,
          nicolae_qazlal_general_emergency
D:9:      layout_loops_ring, orc_0_dummy
D:10:     layout_basic, mainiacjoe_overflow_small_starburst

Skill      XL: |  1  2  3  4  5  6  7  8 |
---------------+-------------------------+-----
Stealth        | 1 2 3 5 6 7 8 |  8.3
Short Blades   | 4 5 6 |  6.0
Dodging        | 3 4 |  4.7
Shapeshifting  | 2 4 |  4.2
Shields        | 1 2 |  2.2
Fighting       | 4 |  4.6

Action                     |  1- 3 |  4- 6 |  7- 9 || total
---------------------------+-------+-------+-------++-------
  Melee: Short sword       |    64 |       |       ||    64
         Constrict         |    20 |    20 |    29 ||    69
         Dagger            |    13 |   104 |   135 ||   252
         Tentacles         |    14 |    10 |    28 ||    52
         Punch             |     1 |     2 |     3 ||     6
         Kick              |       |    23 |    53 ||    76
    Use: Scroll            |       |     1 |     6 ||     7
         Potion            |       |     1 |     1 ||     2
   Stab: Sleeping          |     8 |    21 |     3 ||    32
         Distracted        |       |     2 |       ||     2
         Petrifying        |       |     1 |       ||     1
 Armour: Skin              |    15 |     6 |    17 ||    38
  Dodge: Dodged            |    44 |    40 |   100 ||   184
  Block: Other             |     6 |    14 |    23 ||    43
   Form: Beast             |       |     1 |       ||     1

Table legend: (Time is in decaauts)
 A = Elapsed time spent in this place.
 B = Non-inter-level travel time spent in this place.
 C = Inter-level travel time spent in this place.
 D = Time resting spent in this place.
 E = Time spent auto-exploring this place.
 F = Levels seen in this place.
 G = Mean time per level.
                   A        B        C        D        E       F      G
               +--------+--------+--------+--------+--------+-----+--------+
         Total |  11897 |  11737 |    160 |   7231 |   3537 |   9 | 1321.9 |
       Dungeon |  11897 |  11737 |    160 |   7231 |   3537 |   9 | 1321.9 |
               +--------+--------+--------+--------+--------+-----+--------+

Top non-repeatable levels by time:
     D:1: 7629 daAuts
     D:3: 1067 daAuts
     D:4: 856 daAuts
     D:2: 763 daAuts
     D:6: 730 daAuts
     D:5: 600 daAuts
     D:7: 233 daAuts
    D:10: 10 daAuts
     D:9: 5 daAuts
